 Dungeon Crawl Stone Soup version 0.26-a0-651-gb41185065b (webtiles) character file.

Game seed: 4153096201609520283

403 Thantalas the Skirmisher (level 6, -3/91 HPs)
             Began as a Troll Fighter on Oct 31, 2020.
             Was a Follower of Makhleb.
             Slain by a centaur (8 damage)
             ... on level 4 of the Dungeon.
             The game lasted 00:05:02 (1964 turns).

Thantalas the Skirmisher (Troll Fighter)            Turns: 1964, Time: 00:05:03

Health: -3/91      AC:  6    Str: 27    XL:     6   Next: 55%
Magic:  6/6        EV:  9    Int:  4    God:    Makhleb [*.....]
Gold:   101        SH:  9    Dex:  9    Spells: 5/5 levels left

rFire    . . .     SeeInvis .     - Unarmed
rCold    . . .     Faith    .   b - +0 kite shield
rNeg     . . .     Spirit   .   a - +0 robe
rPois    .         Reflect  .   (helmet restricted)
rElec    .         Harm     .   (no cloak)
rCorr    .         Rampage  .   (gloves unavailable)
MR       .....                  (boots unavailable)
Stlth    ..........             (no amulet)
HPRegen  0.65/turn              (no ring)
MPRegen  0.10/turn              (no ring)

@: berserking, very quick
A: large, unfitting armour, claws 3, regeneration 1, shaggy fur 1, tough skin 3
a: Renounce Religion


You were on level 4 of the Dungeon.
You worshipped Makhleb.
Makhleb was aware of your devotion.
You visited 1 branch of the dungeon, and saw 4 of its levels.

You collected 101 gold pieces.


Innate Abilities, Weirdness & Mutations

You are too large for most types of armour.
You have claws for hands.
Your natural rate of healing is unusually fast.
You are covered in fur. (AC +1)
You have extremely tough skin. (AC +3)


   Skills:
 + Level 3.4 Fighting
 + Level 2.0 Armour
 + Level 3.4 Dodging
 + Level 3.3 Shields
 + Level 3.3 Unarmed Combat
 + Level 2.0 Invocations


You had 5 spell levels left.
You didn't know any spells.
Your spell library was empty.

Inventory:

Armour
 a - a +0 robe (worn)
 b - a +0 kite shield (worn)
Jewellery
 f - a cursed amulet of inaccuracy {unknown}
Wands
 d - a wand of acid (7)
Potions
 c - a potion of might
 e - 2 potions of berserk rage {!q}
 g - 2 potions of invisibility {unknown}
 h - 2 potions of flight {unknown}
 j - 4 potions of brilliance

Dungeon Overview and Level Annotations

Branches:
Dungeon (4/15)
 Temple: D:4-7

Altars:
Ashenzari
Fedhas
Hepliaklqana
Kikubaaqudgha
Makhleb
Nemelex Xobeh
Wu Jian
Zin

###########
##.........#
####.....!....#
..............#
..............##
......cO.......
#....@.......
#...!(.......
+....######..
#...(##<..#
......#.##...#
..###.#..'...+ .
# #.##...#
#.##...#
####...#


You could see an ogre and a centaur.


Message History

You are too injured to fight recklessly!
You are too injured to fight recklessly!
You are too injured to fight recklessly!
You are too injured to fight recklessly!
You completely miss the centaur. You block the centaur's attack.
You block the ogre's attack.
You claw the centaur! The centaur barely misses you.
You block the centaur's attack. The ogre hits you but does no damage.
You claw the ogre! You block the centaur's attack. The ogre closely misses you.
The centaur barely misses you.
You claw the ogre! The centaur hits you.
* * * LOW HITPOINT WARNING * * *
You completely miss the ogre. The centaur barely misses you.
The ogre hits you but does no damage. The centaur hits you.
* * * LOW HITPOINT WARNING * * *
You closely miss the ogre. The centaur barely misses you.
The ogre hits you with a +0 giant club!
* * * LOW HITPOINT WARNING * * *
You scratch the ogre. The centaur barely misses you.
You block the ogre's attack. The centaur hits you.
* * * LOW HITPOINT WARNING * * *
Really quaff
e - 3 potions of berserk rage {!q}?
A red film seems to cover your vision as you go berserk!
You feel yourself moving faster!
You feel mighty! You block the centaur's attack. You block the ogre's attack.
You barely miss the ogre. The centaur hits you.
* * * LOW HITPOINT WARNING * * *
Your shield prevents you from hitting the ogre.
The centaur hits you!
You die...

Skill      XL: |  1  2  3  4  5  6 |
---------------+-------------------+-----
Armour         | 1 2 |  2.0
Fighting       | 3 |  3.4
Dodging        | 3 |  3.4
Shields        | 3 |  3.3
Unarmed Combat | 3 |  3.3
Invocations    | 1 2 |  2.0

Action                   |  1- 3 |  4- 6 || total
-------------------------+-------+-------++-------
Melee: Unarmed           |   137 |    86 ||   223
  Use: Scroll            |       |     6 ||     6
       Potion            |       |     2 ||     2
Armor: Robe              |    29 |    27 ||    56
Dodge: Dodged            |    40 |    36 ||    76
Block: Kite shield       |    56 |    60 ||   116

Levels and vault maps discovered:
D:1:      minmay_arrival_cross, layout_basic
D:2:      layout_rooms, nicolae_ashenzari_panopticon,
          lemuel_zombie_altar_kikubaaqudgha,
          chequers_temple_overflow_statue_of_worship
D:3:      layout_basic, lemuel_crystal_altar, lemuel_crystal_altar,
          nemelex_altar_shiori, skrybe_limestone_x, fedhas_altar_4, uniq_grinder
D:4:      layout_basic, uniq_blork_the_orc

Notes
Turn   | Place    | Note
-------+----------+-------------------------------------------
     0 | D:1      | Thantalas the Troll Fighter began the quest for the Orb.
     0 | D:1      | Reached XP level 1. HP: 22/22 MP: 0/0
   219 | D:1      | Reached XP level 2. HP: 29/29 MP: 1/1
   557 | D:1      | Reached XP level 3. HP: 35/36 MP: 2/2
   871 | D:2      | Found a burning altar of Makhleb.
   871 | D:2      | Found an ornate altar of the Wu Jian Council.
   871 | D:2      | Found a glowing silver altar of Zin.
   885 | D:2      | Became a worshipper of Makhleb the Destroyer
   984 | D:2      | Found a broken altar of Ashenzari.
  1086 | D:2      | Reached skill level 1 in Armour
  1198 | D:2      | Found an ancient bone altar of Kikubaaqudgha.
  1281 | D:3      | Reached XP level 4. HP: 43/44 MP: 3/3
  1308 | D:3      | Found a hazy altar of Hepliaklqana.
  1353 | D:3      | Noticed Grinder
  1362 | D:3      | Killed Grinder
  1362 | D:3      | Reached skill level 3 in Fighting
  1362 | D:3      | Reached skill level 3 in Dodging
  1362 | D:3      | Reached skill level 3 in Shields
  1362 | D:3      | Reached skill level 3 in Unarmed Combat
  1362 | D:3      | Reached skill level 1 in Invocations
  1362 | D:3      | Reached XP level 5. HP: 44/53 MP: 3/5
  1362 | D:3      | Reached XP level 6. HP: 51/61 MP: 3/6
  1406 | D:3      | Reached * piety under Makhleb
  1519 | D:3      | Found a sparkling altar of Nemelex Xobeh.
  1597 | D:3      | Reached skill level 2 in Armour
  1676 | D:3      | Found a blossoming altar of Fedhas.
  1682 | D:3      | Reached skill level 2 in Invocations
  1827 | D:3      | Found a blossoming altar of Fedhas.
  1961 | D:4      | HP: 3/61 [centaur (5)]
  1964 | D:4      | Slain by a centaur

Vanquished Creatures
  Grinder (D:3)
  A jelly (D:3)
  An orc priest (D:3)
  An orc wizard (D:3)
  2 adders
  2 worms
  2 leopard geckos
  9 orcs (D:3)
  A bat zombie (D:2)
  3 giant cockroaches
  8 goblins
  8 hobgoblins
  8 jackals
  10 kobolds
  7 bats
  6 frilled lizards
  7 rats
  2 rat zombies (D:2)
79 creatures vanquished.

Table legend: (Time is in decaauts)
 A = Elapsed time spent in this place.
 B = Non-inter-level travel time spent in this place.
 C = Inter-level travel time spent in this place.
 D = Time resting spent in this place.
 E = Time spent auto-exploring this place.
 F = Levels seen in this place.
 G = Mean time per level.
                   A        B        C        D        E       F      G
               +--------+--------+--------+--------+--------+-----+--------+
         Total |   1978 |   1886 |     92 |     67 |   1396 |   4 |  494.5 |
       Dungeon |   1978 |   1886 |     92 |     67 |   1396 |   4 |  494.5 |
               +--------+--------+--------+--------+--------+-----+--------+

Top non-repeatable levels by time:
     D:1: 875 daAuts
     D:3: 694 daAuts
     D:2: 387 daAuts
     D:4: 20 daAuts

Table legend:
 A = Non-vault XP
 B = Vault XP
 C = Vault XP percentage of total XP
 D = Non-vault monster count
 E = Vault monster count
 F = Vault count percentage of total count
                 A         B        C        D         E       F
            +---------+---------+-------+---------+---------+-------
      Total |     278 |     299 |  51.8 |      75 |       4 |   5.1
            +---------+---------+-------+---------+---------+-------
        D:1 |      44 |       0 |   0.0 |      29 |       0 |   0.0
        D:2 |      47 |       4 |   7.8 |      18 |       3 |  14.3
        D:3 |     187 |     295 |  61.2 |      28 |       1 |   3.4
            +---------+---------+-------+---------+---------+-------
